 Dungeon Crawl Stone Soup version 0.32-a0-411-g744942f433 (webtiles) character file.

Game seed: 4703474548025095254

221 juan097 the Slasher (level 5, -3/37 HPs)
             Began as a Human Wanderer on Feb 20, 2024.
             Was an Initiate of Gozag.
             Slain by Natasha (5 damage)
             ... on level 3 of the Dungeon.
             The game lasted 00:04:56 (2325 turns).

juan097 the Slasher (Human Wanderer)                Turns: 2325, Time: 00:04:57

Health: -3/37      AC:  4    Str: 12    XL:     5   Next: 98%
Magic:  5/5        EV: 10    Int: 11    God:    Gozag
Gold:   248        SH:  0    Dex: 16    Spells: 2/4 levels left

rFire   . . .        a - +2 long sword (holy)
rCold   . . .        (no shield)
rNeg    . . .        f - +0 leather armour
rPois   .            (no helmet)
rElec   .            j - +0 cloak
rCorr   .            (no gloves)
SInv    .            (no boots)
Will    .....        (no amulet)
Stlth   ++           m - +4 ring of slaying
HPRegen 0.26/turn    (no ring)
MPRegen 0.09/turn

%: no passive effects
@: slowed, very slow
A: explore regen
a: Renounce Religion, Potion Petition, Call Merchant, Bribe Branch


You were on level 3 of the Dungeon.
You worshipped Gozag.
Gozag was aware of your devotion.
You visited 1 branch of the dungeon, and saw 3 of its levels.

You collected 248 gold pieces.

Inventory:

Hand Weapons
 a - a +2 long sword of holy wrath (weapon)
 b - a +0 sling
 w - a +2 dagger
Missiles
 s - 2 throwing nets
Armour
 f - a +0 leather armour (worn)
 j - a +0 cloak (worn)
Magical Staves
 o - a staff of alchemy
Jewellery
 m - a +4 ring of slaying (left hand)
 r - a ring of ice
Wands
 d - a wand of flame (3) (quivered)
Scrolls
 c - a scroll of silence
 h - a scroll of blinking
 i - a scroll of summoning {unknown}
 k - 2 scrolls of identify {unknown}
 n - a scroll of noise {unknown}
 p - a scroll of revelation {unknown}
 t - a scroll of enchant armour {unknown}
Potions
 e - a potion of heal wounds
 g - a potion of enlightenment {unknown}
 l - 2 potions of mutation {unknown}
 q - a potion of magic {unknown}


   Skills:
 - Level 1.0 Fighting
 - Level 1.2(2.9) Short Blades
 + Level 4.1(4.3) Long Blades
 - Level 2.0 Throwing
 - Level 1.0 Armour
 - Level 4.0 Stealth
 - Level 1.0 Unarmed Combat
 - Level 1.0 Invocations
 - Level 2.0 Evocations


You had 2 spell levels left.
You knew the following spells:

 Your Spells              Type           Power      Damage    Failure   Level
a - Blink                 Tloc           0%         N/A       56%         2

Your spell library contained the following spells:

 Spells                   Type           Power      Damage    Failure   Level
 Lesser Beckoning         Tloc           0%         N/A       56%         2
 Momentum Strike          Conj/Tloc      0%         3d8       56%         2


Dungeon Overview and Level Annotations

Branches:
Dungeon (3/15)

Altars:
Gozag

Shops:
D:1 (

Annotations:
D:3 Natasha


Innate Abilities, Weirdness & Mutations

You regain HP and MP as you explore.


Message History

Natasha hisses angrily.
You slash the quokka!
You kill the quokka!
Natasha casts a spell.
Found an escape hatch in the ceiling.
You see here 5 gold pieces.
Found a scroll labelled LEKUAP ETEEDU.
A kobold comes into view. It is wielding a +0 club.
Natasha casts a spell at you.
You feel yourself slow down.
There is an open door here.
Natasha is distracted by your dazzling golden aura.
The cerulean imp hits you from afar with a +2 spear.
You close the door.
You start waiting.
A cerulean imp is nearby!
The cerulean imp hits you from afar with a +2 spear.
The cerulean imp hits you from afar with a +2 spear!
You open the door.
The cerulean imp hits you from afar with a +2 spear.
The kobold shouts!
Natasha hisses angrily.
The cerulean imp hits you from afar with a +2 spear.
There is an open door here.
The kobold hits you with a +0 club.
The cerulean imp attacks as it pursues you!
The cerulean imp closely misses you. The kobold hits you with a +0 club.
The cerulean imp hits you from afar with a +2 spear.
* * * LOW HITPOINT WARNING * * *
Natasha claws you.
* * * LOW HITPOINT WARNING * * *
You close the door.
The kobold hits you with a +0 club.
* * * LOW HITPOINT WARNING * * *
Natasha claws you but does no damage.
You hit Natasha but do no damage. The kobold barely misses you.
Natasha claws you.
* * * LOW HITPOINT WARNING * * *
The kobold closely misses you. Natasha claws you.
You die...
Natasha curls up and begins to purr.
Your body crumbles into a pile of gold.

............#...........
........................
...........#............
...........+............
...........###.......###
........#### #.......#
......$$# #..>....#
.......h######.......###
.......@+5..........('..
......K.####.........###
........# #..........#
......... .......###'##
......... .......#.....
..<...............#.....
..?...............#.....
####..............#)....
#......#.....


You could see Natasha and a kobold.

Vanquished Creatures
  Natasha (twice) (D:3)
  4 gnolls (D:2)
  3 adders
  A ribbon worm (D:3)
  A dart slug (D:2)
  3 orcs (D:3)
  4 ball pythons
  5 bats
  2 endoplasms
  2 giant cockroaches
  7 goblins
  4 hobgoblins
  5 jackals
  5 quokkas
  2 frilled lizards (D:1)
  5 kobolds
  2 rats (D:2)
57 creatures vanquished.

Notes
Turn   | Place    | Note
-------+----------+-------------------------------------------
     0 | D:1      | juan097 the Human Wanderer began the quest for the Orb.
     0 | D:1      | juan097 set off with the following items: a +2 dagger, a
                  | scroll of blinking, a scroll of silence, a wand of flame
                  | (3), a potion of heal wounds, a +0 leather armour.
     0 | D:1      | Reached XP level 1. HP: 15/15 MP: 1/1
   102 | D:1      | Reached skill level 1 in Short Blades
   102 | D:1      | Reached XP level 2. HP: 7/21 MP: 2/2
   862 | D:1      | Reached XP level 3. HP: 26/26 MP: 3/3
   872 | D:1      | Learned a level 2 spell: Blink
   878 | D:1      | Found Ziylloho's Weapon Shop.
   970 | D:1      | Reached skill level 1 in Long Blades
  1212 | D:2      | Reached XP level 4. HP: 32/32 MP: 4/4
  1403 | D:2      | Found a faded altar of an unknown god.
  1466 | D:2      | Prayed at the altar of an unknown god.
  1466 | D:2      | Became a worshipper of Gozag Ym Sagoz the Greedy
  1516 | D:2      | Reached XP level 5. HP: 37/37 MP: 5/5
  1951 | D:3      | Noticed Natasha
  1956 | D:3      | Killed Natasha
  2098 | D:3      | Noticed Natasha
  2102 | D:3      | Killed Natasha
  2309 | D:3      | Noticed Natasha
  2325 | D:3      | Slain by Natasha

Illustrated notes

Levels and vault maps discovered:
D:1:      dpeg_arrival_central, layout_loops_corners, serial_shops, shop
D:2:      layout_basic, chequers_ecumenical_altar_island, grunt_decor_clamped,
          grunt_ministairs_13, minmay_misc_feat_cross
D:3:      layout_basic, uniq_natasha

Skill      XL: |  1  2  3  4  5 |
---------------+----------------+-----
Short Blades   | 1 |  1.2
Long Blades    | 1 2 4 |  4.1
Stealth        | 3 4 |  4.0
Fighting       | |  1.0
Throwing       | |  2.0
Armour         | |  1.0
Unarmed Combat | |  1.0
Invocations    | |  1.0
Evocations     | |  2.0

Action                     |  1- 3 |  4- 6 || total
---------------------------+-------+-------++-------
  Melee: Dagger            |    37 |       ||    37
         Long sword        |    32 |    28 ||    60
   Fire: Sling             |     8 |    57 ||    65
   Stab: Sleeping          |     2 |     1 ||     3
 Armour: Leather armour    |    37 |    24 ||    61
  Dodge: Dodged            |    38 |    31 ||    69

Table legend: (Time is in decaauts)
 A = Elapsed time spent in this place.
 B = Non-inter-level travel time spent in this place.
 C = Inter-level travel time spent in this place.
 D = Time resting spent in this place.
 E = Time spent auto-exploring this place.
 F = Levels seen in this place.
 G = Mean time per level.
                   A        B        C        D        E       F      G
               +--------+--------+--------+--------+--------+-----+--------+
         Total |   2363 |   2325 |     38 |      3 |   1868 |   3 |  787.7 |
       Dungeon |   2363 |   2325 |     38 |      3 |   1868 |   3 |  787.7 |
               +--------+--------+--------+--------+--------+-----+--------+

Top non-repeatable levels by time:
     D:1: 1121 daAuts
     D:2: 692 daAuts
     D:3: 548 daAuts
